 Dungeon Crawl Stone Soup version 0.18.1-48-g4cf74bf (webtiles) character file.

515 Gargoyl the Covered (level 7, 52/52 HPs)
             Began as a Demonspawn Abyssal Knight on Aug 14, 2016.
             Was an Elder of Lugonu.
             Quit the game on level 4 of the Dungeon on Aug 15, 2016.
             The game lasted 00:11:21 (4098 turns).

Gargoyl the Covered (Demonspawn Abyssal Knight)     Turns: 4098, Time: 00:11:22

Health: 52/52      AC: 14    Str: 17    XL:     7   Next: 0%
Magic:  8/8        EV:  3    Int: 13    God:    Lugonu [****..]
Gold:   220        SH: 13    Dex: 12    Spells: 0 memorised, 6 levels left

rFire  . . .     SeeInvis .     z - +5 hand axe (venom)
rCold  . . .     Gourm    .     A - +0 chain mail
rNeg   . . .     Faith    +     l - +0 large shield
rPois  .         Spirit   +     j - +0 helmet
rElec  .         Dismiss  .     (no cloak)
rCorr  .         Reflect  .     (no gloves)
SustAt .         Harm     .     (no boots)
MR     .....                    g - amulet of faith
Stlth  ..........               (no ring)
                                p - +3 ring of strength

@: not resistant to hostile enchantments, extremely unstealthy
A: talons 1, rough black scales 1, powered by pain 1, magic shield
a: Depart the Abyss, Bend Space, Banish, Corrupt, Renounce Religion


You were on level 4 of the Dungeon.
You worshipped Lugonu.
Lugonu was greatly pleased with you.
You were not hungry.

You visited 1 branch of the dungeon, and saw 4 of its levels.
You visited the Abyss 1 time.

You collected 220 gold pieces.

Inventory:

Hand Weapons
 a - a +2 hand axe of draining
 d - a +0 war axe
 z - a +5 hand axe of venom (weapon)
 B - a +1 trident of freezing
Armour
 j - a +0 helmet (worn)
 l - a +0 large shield (worn)
 A - a +0 chain mail (worn)
Jewellery
 g - an amulet of faith (around neck)
 p - a +3 ring of strength (left hand)
Wands
 f - a wand of lightning (6/15)
 u - a wand of lightning (11/15)
 v - a wand of confusion (10/48)
Scrolls
 e - a scroll of enchant armour {unknown}
 i - a scroll of remove curse
 o - 2 scrolls of blinking {unknown}
 q - 2 scrolls of noise {unknown}
 t - 3 scrolls of teleportation {unknown}
 x - a scroll of magic mapping {unknown}
 y - a scroll of fear {unknown}
Potions
 k - a potion of invisibility {unknown}
 r - a potion of heal wounds
 s - a potion of beneficial mutation {unknown}
Comestibles
 b - 2 meat rations
 c - 3 bread rations
 h - 4 chunks of flesh
 m - 8 fruits
 n - a slice of pizza


   Skills:
 + Level 3.6 Fighting
 + Level 2.8 Axes
 * Level 4.2 Armour
 + Level 2.9 Dodging
 + Level 0.4 Stealth
 + Level 3.0 Shields
 + Level 2.6 Invocations


You had 6 spell levels left.
You didn't know any spells.

Dungeon Overview and Level Annotations

Branches:
Dungeon (4/15)
 Temple: D:4-7

Altars:
Dithmenos
Vehumet

Annotations:
D:3 Gargoyl's ghost, amateur DsAK


Innate Abilities, Weirdness & Mutations

You have sharp toenails.
You are partially covered in rough black scales (AC +4, Dex -1).
You sometimes gain a little power by taking damage.
When hurt, damage is shared between your health and your magic reserves.


Message History

You have reached level 7!
Your demonic ancestry asserts itself...
You feel your magical essence form a protective shroud around your flesh.
You see here a worm corpse.
You butcher the worm corpse.
h - 4 chunks of flesh (gained 2)
Found a stone staircase leading up.
A jackal comes into view.
The jackal barks!
A jackal is nearby!
You closely miss the jackal. You claw the jackal, but do no damage.
The jackal bites you. You block the jackal's attack.
You hit the jackal.
You kill the jackal!
Lugonu accepts your kill.
You see here a jackal corpse.
Magic restored.
You now have 220 gold pieces (gained 12).
A jackal comes into view.
Are you sure you want to abandon this character and quit the game? (Confirm with "yes".)

#.# #........†..#....##
#.# #....#.#....#....##
#.# #....#.+....#....##
#.######....###...##....##
#.#....'................'.
#.#.####....###...##....##
#.#.# #....# #...##....##
#.#.# ###########.......#
#.#.# #@.....h.........#
#.#.# #....(......÷....#
#.#.# #................#
#.#.# #................#
#.#.# #................#
#.#^# #................#
#.#.# #................#
#.#.# #................#
#.#.# ...............#


You could see a jackal (wandering).

Vanquished Creatures
  Duvessa (D:4)
  Dowan (D:4)
  An orc priest (D:4)
  A giant frog skeleton (D:4)
  An orc wizard (D:4)
  Terence (D:1)
  A worker ant (D:4)
  5 gnolls
  6 adders
  A howler monkey skeleton (D:4)
  3 worms
  4 dart slugs
  A giant gecko (D:2)
  6 orcs
  9 bats
  7 giant cockroaches
  7 hobgoblins
  8 jackals
  8 kobolds
  A quokka (D:4)
  3 ball pythons
  3 giant newts
  10 goblins
  8 rats
  A fungus (D:3)
98 creatures vanquished.

Vanquished Creatures (others)
  12 starspawn tentacle segments (Abyss:3)
12 creatures vanquished.

Grand Total: 110 creatures vanquished

Notes
Turn   | Place    | Note
--------------------------------------------------------------
     0 | Abyss:1  | Gargoyl the Demonspawn Abyssal Knight began the quest for the Orb.
     0 | Abyss:1  | Reached XP level 1. HP: 18/18 MP: 2/2
     0 | Abyss:1  | Found a corrupted altar of Lugonu.
    55 | Abyss:2  | Found a corrupted altar of Lugonu.
    76 | Abyss:2  | Found a corrupted altar of Lugonu.
   111 | Abyss:3  | Noticed a tentacled starspawn
   118 | D:1      | Escaped the Abyss
   148 | D:1      | Reached * piety under Lugonu
   198 | D:1      | Reached skill level 1 in Dodging
   225 | D:1      | Reached skill level 2 in Armour
   226 | D:1      | Gained mutation: You sometimes gain a little power by taking damage. [demonic ancestry]
   226 | D:1      | Reached XP level 2. HP: 24/24 MP: 3/3
   487 | D:1      | Reached skill level 1 in Shields
   487 | D:1      | Reached XP level 3. HP: 28/29 MP: 4/4
   570 | D:1      | Reached ** piety under Lugonu
   824 | D:2      | Noticed Terence
  1094 | D:1      | Killed Terence
  1094 | D:1      | Reached XP level 4. HP: 19/35 MP: 5/5
  1917 | D:2      | Reached skill level 3 in Armour
  1917 | D:2      | Gained mutation: You have sharp toenails. [demonic ancestry]
  1917 | D:2      | Reached XP level 5. HP: 35/41 MP: 6/6
  2183 | D:2      | Reached *** piety under Lugonu
  2531 | D:3      | Found a radiant altar of Vehumet.
  2887 | D:3      | Noticed Gargoyl's ghost (amateur DsAK)
  3256 | D:3      | Found a shadowy altar of Dithmenos.
  3534 | D:4      | Gained mutation: You are partially covered in rough black scales (AC +4, Dex -1). [demonic ancestry]
  3534 | D:4      | Reached XP level 6. HP: 43/47 MP: 7/7
  3592 | D:4      | Noticed Dowan
  3595 | D:4      | Noticed Duvessa
  3611 | D:4      | Killed Dowan
  3613 | D:4      | Killed Duvessa
  3613 | D:4      | Reached skill level 4 in Armour
  3702 | D:4      | Found Puim's Gadget Shoppe.
  3742 | D:4      | Reached **** piety under Lugonu
  4001 | D:4      | Gained mutation: When hurt, damage is shared between your health and your magic reserves. [demonic ancestry]
  4001 | D:4      | Reached XP level 7. HP: 52/52 MP: 8/8
  4098 | D:4      | Quit the game

Skill      XL: |  1  2  3  4  5  6 |
---------------+-------------------+-----
Dodging        | 1 2 |  2.9
Armour         | 2 3 4 |  4.2
Axes           | 2 |  2.8
Shields        | 1 2 3 |  3.0
Fighting       | |  3.6
Stealth        | |  0.4
Invocations    | |  2.6

Action                   |  1- 3 |  4- 6 |  7- 9 || total
-------------------------+-------+-------+-------++-------
Melee: Hand axe          |   106 |   264 |     2 ||   372
       Kick              |       |    50 |     1 ||    51
Invok: Depart the Abyss  |     1 |       |       ||     1
       Bend Space        |       |     1 |       ||     1
  Use: Potion            |     2 |     2 |       ||     4
       Scroll            |     3 |     5 |       ||     8
  Eat: Chunk             |       |    11 |       ||    11
Armor: Ring mail         |    36 |       |       ||    36
       Scale mail        |    44 |    89 |       ||   133
       Chain mail        |       |    28 |       ||    28
Dodge: Dodged            |    41 |    50 |       ||    91
Block: Large shield      |    84 |   194 |     1 ||   279
